Unix NetHack Version 3.7.0-97 Work-in-progress - last build Feb 8 2024 15:05:57 (6d6cdf8371b60126770a3d7b88910941cb14a054,branch:master). Game began 2024-02-19 10:51:06, ended 2024-02-20 08:08:10. elenmirie, neutral female gnomish Archeologist --- --- --.---- --.-- --- |.....| ----- |...- ---|.-- |.....-- ---...-- --... --- .|.--..---. ---....| |......| --.-- ...- -.......... --...-- -......| |.<| ....| --.|....... ---..-- ^*.....-- --.| .%..-- --- ..... -.| |-..-----..---..| ---.| -....| -.... ...| |......---.| ---- ----...- |.)...| |......... .--------......|..|--- |.......|.-- --....-- -----....%... ..................--.-- ---.......^| |.....| -..|.......| ...--..-..............| |........| --.....-- .... .....|. ..- ..............| --..|.....| -...........--..................| |B@--...-- |...|.....| --..---.|.........................| ----|>...| --........| --"..| ---.....^........--.......| ---.-- --....... |...-| ...... ....- --- |...... |.*..| ..... ..-- |..... ---..- .... --..-- ---. --. ---- Elenmirie the Field Worker St:12 Dx:9 Co:15 In:12 Wi:16 Ch:11 Neutral Dlvl:4 $:25 HP:0(42) Pw:30(30) AC:2 Xp:5/178 T:2843 Burdened Latest messages: The straw golem hits! The straw golem hits again! You lash the straw golem. The straw golem hits! The straw golem misses! You lash the straw golem. The straw golem hits! The straw golem hits again! You lash the straw golem. The straw golem hits! The straw golem hits again! The straw golem misses! The straw golem misses! You lash the straw golem. The straw golem hits! The straw golem hits again! You lash the straw golem. The straw golem hits! The straw golem hits again! You miss the straw golem. The straw golem misses! The straw golem hits! The straw golem misses! The straw golem hits! You lash the straw golem. The straw golem misses! The straw golem hits! You destroy the straw golem! The giant bat bites! You lash the giant bat. The giant bat bites! The giant bat bites! You lash the giant bat. The giant bat just misses! The giant bat bites! The giant bat misses! The giant bat bites! You miss the giant bat. The giant bat bites! The giant bat bites! You lash the giant bat. The giant bat bites! You lash the giant bat. The giant bat bites! You die... Do you want your possessions identified? [ynq] (y) y Do you want to see your attributes? [ynq] (y) y Do you want an account of creatures vanquished? [ynaq] (y) y Do you want to see your conduct and achievements? [ynq] (y) y Do you want to see the dungeon overview? [ynq] (y) y Inventory: Coins $ - 25 gold pieces Weapons B - 10 uncursed +0 silver arrows q - 10 uncursed +0 darts y - an uncursed +0 elven dagger m - an uncursed +0 orcish dagger a - a blessed +2 bullwhip (weapon in right hand) Armor l - an uncursed +0 elven leather helm (being worn) c - an uncursed +0 fedora r - an uncursed +0 pair of iron shoes (being worn) v - a cursed -2 mummy wrapping z - an uncursed +0 elven mithril-coat (being worn) Comestibles d - 4 uncursed food rations x - an uncursed sprig of wolfsbane Rings F - an uncursed ring of see invisible Wands k - an uncursed wand of magic missile (0:0) E - a cursed wand of speed monster (0:7) Tools w - an uncursed sack containing 10 items e - an uncursed lock pick i - an uncursed +0 pick-axe (alternate weapon; not wielded) t - an uncursed tinning kit (0:54) Gems/Stones s - an uncursed topaz stone g - an uncursed touchstone Contents of the sack: 2 uncursed scrolls of blank paper a cursed scroll of blank paper an uncursed scroll of enchant weapon an uncursed scroll of identify a cursed scroll of identify 2 uncursed potions of healing an uncursed potion of invisibility an uncursed potion of object detection an uncursed potion of speed a potion of unholy water Elenmirie the Archeologist's attributes: Background: You were a Field Worker, a level 5 female gnomish Archeologist. You were neutral, on a mission for Camaxtli who was opposed by Quetzalcoatl (lawful) and Huhetotl (chaotic). You were right-handed. You were in the Gnomish Mines, on level 4. You entered the dungeon 2843 turns ago. You had 178 experience points, 142 more were needed to attain level 6. Basics: You had 0 out of 42 hit points. You had all 30 energy points (spell power). Your armor class was 2. Your wallet contained 25 zorkmids. Autopickup was on for '$' plus thrown. Final Characteristics: Your strength was 12 (limit:18/50). Your dexterity was 9 (limit:18). Your constitution was 15 (limit:18). Your intelligence was 12 (limit:19). Your wisdom was 16 (limit:18). Your charisma was 11 (limit:18). Final Status: You weren't hungry. You were burdened; movement was slightly slowed. You were wielding a whip. You had basic skill with whip and could have enhanced that. Final Attributes: You were piously aligned. You were telepathic. You had automatic searching. You had infravision. You were stealthy. You were guarded. You are dead. Miscellaneous: You never encountered a bones level. Total elapsed playing time was 14 minutes and 44 seconds. Major events: Turn 1: elenmirie the neutral female gnomish Archeologist entered the dungeon 1060: entered the Gnomish Mines 1579: attained the rank of Field Worker (level 3) 2843: killed by a giant bat Vanquished creatures: a rock piercer a kobold mummy a straw golem a paper golem 2 little dogs 3 floating eyes a dwarf a homunculus a kobold leader 2 orc zombies 2 dwarf zombies a werejackal 2 iguanas 3 coyotes 2 hobbits 3 giant rats 2 cave spiders a brown mold a yellow mold a gnome zombie 4 geckos 3 jackals 3 foxes 4 goblins a sewer rat 2 grid bugs 5 lichens a kobold zombie 8 newts 63 creatures vanquished. No species were genocided or became extinct. Voluntary challenges: You read items or engraved 1 time. You never engraved Elbereth. You never genocided any monsters. You never polymorphed an object. You never changed form. You used no wishes. Achievements: You entered the Gnomish Mines. You attained the rank of Field Worker. The Dungeons of Doom: levels 1 to 6 Level 1: A grave. Level 2: Level 3: "water vault" Some fountains. Stairs down to The Gnomish Mines. Level 4: Level 5: Level 6: The Gnomish Mines: Level 4: <- You were here. Final resting place for you, killed by a giant bat. Game over: ---------- / \ / REST \ / IN \ / PEACE \ / \ | elenmirie | | 25 Au | | killed by a | | giant bat | | | | | | 2024 | *| * * * | * _________)/\\_//(\/(/\)/\//\/|_)_______ Goodbye elenmirie the Archeologist... You died in The Gnomish Mines on dungeon level 4 with 995 points, and 25 pieces of gold, after 2843 moves. You were level 5 with a maximum of 42 hit points when you died.